 Dungeon Crawl Stone Soup version 0.27-a0-1431-gcffa5a9b16 (webtiles) character file.

Game seed: 10236754417766873361

41 pyrow613 the Slasher (level 3, 30/30 HPs)
             Began as a Demigod Gladiator on July 2, 2021.
             Got out of the dungeon alive.
             The game lasted 00:02:09 (1452 turns).

pyrow613 the Slasher (Demigod Gladiator)            Turns: 1452, Time: 00:02:09

Health: 30/30      AC:  6    Str: 19    XL:     3   Next: 16%
Magic:  5/5        EV: 11    Int: 10    God:
Gold:   43         SH:  0    Dex: 15    Spells: 2/2 levels left

rFire    . . .     SeeInvis .   a - +0 long sword
rCold    . . .     Faith    .   (no shield)
rNeg     . . .     Spirit   .   e - +0 ring mail
rPois    .         Reflect  .   c - +0 helmet
rElec    .         Harm     .   (no cloak)
rCorr    .         Rampage  .   (no gloves)
Will     .....                  (no boots)
Stlth    +.........             (no amulet)
HPRegen  0.10/turn              (no ring)
MPRegen  0.09/turn              (no ring)

@: no status effects
A: high mp 1, forlorn
a: no special abilities


You escaped.
You visited 1 branch of the dungeon, and saw 2 of its levels.

You collected 43 gold pieces.

Inventory:

Hand Weapons
 a - a +0 long sword (weapon)
 b - a +0 hunting sling
Missiles
 d - 4 throwing nets (quivered)
Armour
 c - a +0 helmet (worn)
 e - a +0 ring mail (worn)
Magical Staves
 k - a staff of conjuration
Scrolls
 j - a scroll of magic mapping {unknown}
Potions
 f - a potion of attraction {unknown}
 g - a potion of haste {unknown}
 h - a potion of mutation {unknown}
 i - a potion of curing {unknown}
 l - a potion of brilliance {unknown}


   Skills:
 + Level 2.4 Fighting
 * Level 3.6 Long Blades
 - Level 1.7 Throwing
 - Level 2.6 Dodging


You had 2 spell levels left.
You didn't know any spells.
Your spell library contained the following spells:

 Spells                   Type           Power      Damage    Failure   Level
 Corona                   Hex            0%         N/A       54%         1
 Freeze                   Ice            0%         1d3       54%         1
 Ensorcelled Hibernation  Hex/Ice        0%         N/A       69%         2
 Slow                     Hex            0%         N/A       69%         2
 Confusing Touch          Hex            0%         N/A       89%         3
 Frozen Ramparts          Ice            0%         1d2       89%         3
 Tukima's Dance           Hex            0%         N/A       89%         3
 Hailstorm                Conj/Ice       0%         3d3       100%        4
 Yara's Violent Unravell  Hex/Tmut       0%         3d3       100%        5


Dungeon Overview and Level Annotations

Branches:
Dungeon (2/15)


Innate Abilities, Weirdness & Mutations

Your attributes grow dramatically as you level up.
You have an increased reservoir of magic. (+10% MP)
You shall have no god before yourself.


Message History

The goblin is moderately wounded.
The goblin closely misses you.
You riposte.
You slash the goblin!
You kill the goblin!
No target in view!
No target in view!
j - a scroll labelled NIVIUT IWAIQIA You see here a staff of conjuration.
k - a staff of conjuration
l - a green potion
Okay, then.
Things that are here:
a +0 club; a goblin corpse A frilled lizard comes into view.
The frilled lizard hisses angrily.
Unknown command.
Unknown command.
Unknown command.
Unknown command.
You slash the frilled lizard!
You kill the frilled lizard!
No target in view!
No target in view!
(D) Dungeon
Where to? (Enter - D:1 @ (x,y), ? - help)
Okay, then.
Unknown command.
(D) Dungeon
Where to? (Enter - D:1 @ (x,y), ? - help)
What level of the Dungeon? (default 1, ? - help)
There is a stone staircase leading up here.
You climb upwards.
There is a stone staircase leading down here.
You can't go up here!
You enter the shallow water.
Moving in this stuff is going to be slow.
There is a staircase leading out of the dungeon here.
Are you sure you want to leave the Dungeon?
This will make you lose the game! [Y]es or [N]o only, please.
Are you sure you want to leave the Dungeon?
This will make you lose the game!
You have escaped!

#..........#...........#
#.########.##########.##
#####.### #.........)...#
#.......#################..##
#...........##≈≈≈≈≈≈≈≈≈≈#...#
##....##..≈.≈....≈.≈≈≈≈≈≈#...#
...#..#...≈≈≈≈........≈≈≈#..##
##.#....≈≈≈..≈≈≈≈......≈≈#..#
.#.##....≈..≈≈≈≈@≈≈.....≈#..#
...#......≈≈≈≈≈≈≈≈≈≈...≈≈#..#
....#..≈.≈..≈≈≈.≈≈≈....≈≈#..#
....##..≈.≈≈.≈.≈≈≈....≈≈≈####
#..###...≈.≈≈≈.≈.....≈≈≈≈#
....#.......≈≈...≈.≈≈≈≈≈≈#
##....###......≈≈≈≈≈≈≈≈≈≈#
####### ##################


There were no monsters in sight!

Vanquished Creatures
  2 dart slugs (D:1)
  2 ball pythons (D:1)
  3 endoplasms
  3 giant cockroaches (D:2)
  6 goblins
  2 hobgoblins
  4 kobolds (D:1)
  A quokka (D:1)
  2 bats (D:1)
  4 frilled lizards
  6 rats
35 creatures vanquished.

Notes
Turn   | Place    | Note
-------+----------+-------------------------------------------
     0 | D:1      | pyrow613 the Demigod Gladiator began the quest for the Orb.
     0 | D:1      | Reached XP level 1. HP: 17/17 MP: 3/3
   210 | D:1      | Reached skill level 3 in Long Blades
   294 | D:1      | Reached XP level 2. HP: 24/24 MP: 4/4
  1273 | D:2      | Reached XP level 3. HP: 26/30 MP: 5/5
  1452 | D:$      | Got out of the dungeon alive.

Illustrated notes

Levels and vault maps discovered:
D:1:      dpeg_arrival_more_subterranean_lakeside_camping, layout_basic,
          ebering_ecumenical_altar_mist, minmay_pentomino_x2
D:2:      layout_basic, hangedman_feature_mirror

Skill      XL: |  1 |
---------------+----+-----
Fighting       | 2 |  2.4
Long Blades    | 3 |  3.6
Throwing       | |  1.7
Dodging        | |  2.6

Action                   || total
-------------------------++-------
Melee: Long sword        ||    98
Armor: Ring mail         ||    34
       Leather armour    ||     3
Dodge: Dodged            ||    66
       Rpst.: Long sword ||    21

Table legend: (Time is in decaauts)
 A = Elapsed time spent in this place.
 B = Non-inter-level travel time spent in this place.
 C = Inter-level travel time spent in this place.
 D = Time resting spent in this place.
 E = Time spent auto-exploring this place.
 F = Levels seen in this place.
 G = Mean time per level.
                   A        B        C        D        E       F      G
               +--------+--------+--------+--------+--------+-----+--------+
         Total |   1479 |   1402 |     77 |     90 |   1052 |   2 |  739.5 |
       Dungeon |   1479 |   1402 |     77 |     90 |   1052 |   2 |  739.5 |
               +--------+--------+--------+--------+--------+-----+--------+

Top non-repeatable levels by time:
     D:1: 1299 daAuts
     D:2: 180 daAuts
